 Dungeon Crawl Stone Soup version 0.24-a0-254-gf493760 (console) character file.

Game seed: 17581245237895502800

666 PrimeMinisterCorbyn the Insei (level 7, 8/56 HPs)
             Began as a Demonspawn Monk on Apr 18, 2019.
             Quit the game on level 5 of the Dungeon.
             The game lasted 00:11:34 (5781 turns).

PrimeMinisterCorbyn the Insei (Demonspawn Monk)     Turns: 5781, Time: 00:11:35

Health: 8/56       AC:  9    Str: 12    XL:     7   Next: 31%
Magic:  1/7        EV:  6    Int: 11    God:
Gold:   156        SH:  0    Dex: 17    Spells: 6/6 levels left

rFire    . . .     SeeInvis .     - Unarmed
rCold    . . .     Gourm    .   (no shield)
rNeg     . . .     Faith    .   o - +0 chain mail
rPois    .         Spirit   +   (helmet restricted)
rElec    .         Reflect  .   (no cloak)
rCorr    .         Harm     .   (no gloves)
MR       .....                  (no boots)
Stlth    ..........             d - amulet of guardian spirit
HPRegen  0.18/turn              (no ring)
MPRegen  0.10/turn              (no ring)

@: lethally poisoned (8 -> -6)
A: antennae 1, rugged brown scales 1, nightstalker 1
a: no special abilities


You were on level 5 of the Dungeon.
You were not hungry.

You visited 1 branch of the dungeon, and saw 7 of its levels.

You collected 156 gold pieces.

Inventory:

Missiles
 q - 6 javelins of returning (quivered)
Armour
 a - a +0 robe
 e - a scarf of spirit shield
 o - a +0 chain mail (worn)
Jewellery
 d - an amulet of guardian spirit (around neck)
 k - a cursed -2 ring of strength {unknown}
 t - a +4 ring of intelligence {unknown}
 w - the ring of Ebuj {+Fly rPois MR+, unknown}
   (You found it on level 4 of the Dungeon)

   [ring of flight]

   It protects you from poison.
   It affects your resistance to hostile enchantments.
   It lets you fly.
 x - an uncursed ring of protection from cold {unknown}
Wands
 v - a wand of random effects (6)
Scrolls
 h - a scroll of teleportation
 l - a scroll of enchant weapon
 p - a scroll of immolation
 r - a scroll of noise {unknown}
 u - a scroll of random uselessness {unknown}
Potions
 j - a potion of heal wounds {unknown}
 s - a potion of invisibility {unknown}
 z - a potion of might {unknown}
Comestibles
 b - 3 rations


   Skills:
 + Level 4.7 Fighting
 + Level 2.0 Throwing
 + Level 2.5 Armour
 - Level 3.2 Dodging
 - Level 1.7 Stealth
 * Level 5.6 Unarmed Combat


You had 6 spell levels left.
You didn't know any spells.
Your spell library was empty.

Dungeon Overview and Level Annotations

Branches:
Dungeon (7/15)
 Temple: D:4-7

Altars:
Makhleb
Nemelex Xobeh


Innate Abilities, Weirdness & Mutations

You have a pair of small antennae on your head.
You are partially covered in rugged brown scales. (AC +1, +3% HP)
You are slightly more attuned to the shadows.


Message History

The gnoll hits you from afar with a +0 spear.
* * * LOW HITPOINT WARNING * * *
You hit something but do no damage.
Something stings you but does no damage.
You closely miss something. Something stings you.
* * * LOW HITPOINT WARNING * * *
You are poisoned.
Something poisons you! The gnoll hits you but does no damage.
Something stings you.
* * * LOW HITPOINT WARNING * * *
You are lethally poisoned!
Something poisons you!
* * * LOW HITPOINT WARNING * * *
You feel sick.
* * * LOW HITPOINT WARNING * * *
You feel sick.
Okay, then.
Quiver which item? (- for none, * to show all) (? for menu, Esc to quit)
Okay, then.
Are you sure you want to abandon this character and quit the game? (Confirm with "yes".)

#. #.##.....
##.##.....#
#..)g....####.#
s.....####.......#
.##.?....a5.#####
g......##g##
.##..##.##{#
#..##.##.#
#.....@{.#
..###.#### #>####
#....# ####.# #.#
##.# #..# #.##


There were no monsters in sight!

Vanquished Creatures
  An ice beast (D:5)
  A howler monkey (D:5)
  2 crimson imps
  2 orc priests
  A hound (D:2)
  2 iguanas
  2 orc wizards
  A worker ant (D:4)
  A hound zombie (D:3)
  6 gnolls
  6 adders
  2 worms
  4 dart slugs
  4 leopard geckos
  10 orcs
  A ball python (D:2)
  6 bats
  6 giant cockroaches
  8 goblins
  10 hobgoblins
  5 jackals
  A quokka (D:3)
  7 frilled lizards
  9 kobolds
  10 rats
108 creatures vanquished.

Notes
Turn   | Place    | Note
-------+----------+-------------------------------------------
     0 | D:1      | PrimeMinisterCorbyn the Demonspawn Monk began the quest for
                  | the Orb.
     0 | D:1      | Reached XP level 1. HP: 18/18 MP: 1/1
   381 | D:1      | Reached skill level 3 in Unarmed Combat
   393 | D:1      | Gained mutation: You are slightly more attuned to the
                  | shadows. [demonic ancestry]
   393 | D:1      | Reached XP level 2. HP: 15/24 MP: 2/2
   911 | D:1      | Reached XP level 3. HP: 28/29 MP: 3/3
  1924 | D:2      | Found a burning altar of Makhleb.
  1946 | D:2      | Gained mutation: You have a pair of small antennae on your
                  | head. [demonic ancestry]
  1946 | D:2      | Reached XP level 4. HP: 25/35 MP: 4/4
  2474 | D:2      | Reached skill level 4 in Unarmed Combat
  2775 | D:2      | Gained mutation: You are partially covered in rugged brown
                  | scales. (AC +1, +3% HP) [demonic ancestry]
  2775 | D:2      | Reached XP level 5. HP: 19/43 MP: 2/5
  2963 | D:2      | Reached skill level 1 in Armour
  3373 | D:3      | Found a sparkling altar of Nemelex Xobeh.
  3666 | D:4      | Got a vibrating bronze ring
  4083 | D:4      | Reached XP level 6. HP: 38/49 MP: 6/6
  4394 | D:3      | Reached skill level 1 in Throwing
  4591 | D:4      | Reached skill level 5 in Unarmed Combat
  4638 | D:4      | You fall through a shaft for 3 floors!
  4674 | D:7      | Noticed a hungry ghost
  5206 | D:6      | Noticed an orc warrior
  5225 | D:5      | Entered Level 5 of the Dungeon
  5231 | D:5      | Noticed an ice beast
  5245 | D:5      | Killed an ice beast
  5245 | D:5      | Reached XP level 7. HP: 17/56 MP: 2/7
  5781 | D:5      | Quit the game

Levels and vault maps discovered:
D:1:      eino_arrival_cavern_c, layout_loops_ring, minivault_14
D:2:      minmay_chambers_of_ones, layout_loops_corners,
          makhleb_heckhound_becter
D:3:      kennysheep_six_static_rooms, layout_rooms, lemuel_round_altar
D:4:      layout_basic
D:5:      layout_loops_cross, nicolae_ru_great_annihilating_truth, first_ration
D:6:      layout_basic, minmay_temple_entry_antechambers, serial_bayou_pond_e
D:7:      layout_loops_corners, grunt_ogre_cave

Skill      XL: |  1  2  3  4  5  6  7 |
---------------+----------------------+-----
Unarmed Combat | 3 4 5 |  5.6
Dodging        | 3 |  3.2
Armour         | 1 2 |  2.5
Fighting       | 4 |  4.7
Throwing       | 1 2 |  2.0
Stealth        | |  1.7

Action                   |  1- 3 |  4- 6 |  7- 9 || total
-------------------------+-------+-------+-------++-------
Melee: Unarmed           |   151 |   406 |    56 ||   613
       Punch             |     3 |     5 |       ||     8
Evoke: Wand              |       |     9 |     8 ||    17
  Use: Potion            |     2 |     5 |     1 ||     8
       Scroll            |       |     5 |       ||     5
 Stab: Sleeping          |     5 |       |       ||     5
       Paralysed         |       |     9 |       ||     9
       Confused          |       |     2 |       ||     2
  Eat: Chunk             |     3 |    10 |       ||    13
       Ration            |       |       |     1 ||     1
Armor: Robe              |    26 |       |       ||    26
       Chain mail        |       |   229 |    37 ||   266
Dodge: Dodged            |    99 |   127 |    13 ||   239

Table legend:
 A = Non-vault XP
 B = Vault XP
 C = Vault XP percentage of total XP
 D = Non-vault monster count
 E = Vault monster count
 F = Vault count percentage of total count
                 A         B        C        D         E       F
            +---------+---------+-------+---------+---------+-------
      Total |     858 |      94 |   9.9 |      97 |      11 |  10.2
            +---------+---------+-------+---------+---------+-------
        D:1 |      52 |       0 |   0.0 |      31 |       0 |   0.0
        D:2 |     157 |      51 |  24.5 |      21 |       5 |  19.2
        D:3 |     115 |      43 |  27.2 |      21 |       6 |  22.2
        D:4 |     104 |       0 |   0.0 |      11 |       0 |   0.0
        D:5 |     338 |       0 |   0.0 |       8 |       0 |   0.0
        D:6 |      90 |       0 |   0.0 |       4 |       0 |   0.0
        D:7 |       2 |       0 |   0.0 |       1 |       0 |   0.0
            +---------+---------+-------+---------+---------+-------
